 Dungeon Crawl Stone Soup version 0.30-a0-1066-g63dfefce0d (webtiles) character file.

Game seed: 17655886830978222848

80 funkygono the Covered (level 4, -5/41 HPs)
             Began as a Minotaur Fighter on Apr 12, 2023.
             Killed from afar by an orc wizard (7 damage)
             ... with a puff of flame
             ... on level 3 of the Dungeon.
             The game lasted 00:02:05 (1743 turns).

funkygono the Covered (Minotaur Fighter)            Turns: 1743, Time: 00:02:06

Health: -5/41      AC:  7    Str: 22    XL:     4   Next: 18%
Magic:  3/3        EV:  9    Int:  5    God:
Gold:   63         SH:  4    Dex: 10    Spells: 3/3 levels left

rFire   . . .      SeeInvis .    a - +0 war axe
rCold   . . .      Faith    .    c - +0 buckler
rNeg    . . .      Spirit   .    b - +0 scale mail
rPois   .          Reflect  .    (helmet restricted)
rElec   .          Rampage  .    (no cloak)
rCorr   .                        (no gloves)
Will    .....                    (no boots) Stlth
                                 (no amulet)
HPRegen 0.26/turn                (no ring)
MPRegen 0.08/turn                (no ring)

@: no status effects
A: horns 2, retaliatory headbutt
a: no special abilities


You were on level 3 of the Dungeon.
You visited 1 branch of the dungeon, and saw 3 of its levels.

You collected 63 gold pieces.

Inventory:

Hand Weapons
 a - a +0 war axe (weapon)
Missiles
 f - 4 javelins (quivered)
 r - 3 boomerangs
Armour
 b - a +0 scale mail (worn)
 c - a +0 buckler (worn)
Wands
 q - a wand of acid (7)
Scrolls
 e - a scroll of poison {unknown}
 h - a scroll of teleportation {unknown}
 o - a scroll of immolation {unknown}
 p - a scroll of blinking {unknown}
Potions
 d - a potion of might
 g - 2 potions of curing {unknown}
 i - a potion of attraction {unknown}
 j - a potion of cancellation {unknown}
 k - a potion of brilliance {unknown}
 l - a potion of mutation {unknown}
 m - a potion of haste {unknown}
 n - a potion of flight {unknown}


   Skills:
 + Level 4.3 Fighting
 + Level 3.8 Axes
 + Level 4.4 Armour
 + Level 0.1 Dodging
 + Level 4.0 Shields


You had 3 spell levels left.
You didn't know any spells.
Your spell library was empty.

Dungeon Overview and Level Annotations

Branches:
Dungeon (3/15)

Altars:

Shops:
D:1 (


Innate Abilities, Weirdness & Mutations

You have a pair of horns on your head.
You reflexively headbutt those who attack you in melee.


Message History

* * * LOW HITPOINT WARNING * * *
You miss the orc wizard. Your headbutt misses the orc wizard.
The orc wizard barely misses you.
The orc wizard attacks as you move away!
The orc wizard closely misses you.
A bat comes into view.
The orc wizard hits you but does no damage.
The bat attacks as you move away! The bat closely misses you.
The bat hits you but does no damage.
The orc wizard hits you but does no damage.
You see here 9 gold pieces.
You hit the orc wizard.
The orc wizard is lightly wounded.
You feel less confused. The bat hits you but does no damage.
The orc wizard hits you with a +0 dagger.
* * * LOW HITPOINT WARNING * * *
You hit the orc wizard. Your headbutt misses the orc wizard.
The orc wizard is moderately wounded.
You slash the bat!
You kill the bat!
You block the orc wizard's attack. The orc wizard casts a spell at you.
You are confused.
You miss the orc wizard. Your headbutt misses the orc wizard.
The orc wizard is moderately wounded.
The orc wizard hits you with a +0 dagger.
* * * LOW HITPOINT WARNING * * *
You closely miss the orc wizard.
The orc wizard is moderately wounded.
The orc wizard hits you but does no damage.
You're too confused to move!
The orc wizard hits you but does no damage.
The orc wizard hits you with a +0 dagger.
* * * LOW HITPOINT WARNING * * *
You're too confused to move!
You feel less confused.
The orc wizard gestures at you while chanting.
The puff of flame hits you!
You die...

####............
...#............
..............
#............
#............
##...........
#...$........
#...o........
#<..@........
####...###.....
#......# .....
...<..#..).#
.... #.###
#....# ...
#.......# .
#.###...# #
..... ......#


You could see an orc wizard.

Vanquished Creatures
  An orc wizard (D:3)
  An adder (D:2)
  2 worms (D:2)
  3 orcs (D:2)
  3 bats
  5 endoplasms
  3 hobgoblins
  6 jackals
  2 quokkas
  2 ball pythons (D:2)
  5 frilled lizards
  A goblin (D:2)
  2 rats
36 creatures vanquished.

Notes
Turn   | Place    | Note
-------+----------+-------------------------------------------
     0 | D:1      | funkygono the Minotaur Fighter began the quest for the Orb.
     0 | D:1      | Reached XP level 1. HP: 19/19 MP: 0/0
   369 | D:1      | Found Guestriysk's Weapon Shop.
   392 | D:1      | Reached XP level 2. HP: 27/27 MP: 1/1
   908 | D:2      | Reached XP level 3. HP: 33/33 MP: 2/2
  1498 | D:2      | Found a faded altar of an unknown god.
  1715 | D:3      | Reached XP level 4. HP: 9/41 MP: 3/3
  1738 | D:3      | HP: 2/41 [orc wizard/+0 dagger (2)]
  1743 | D:3      | Killed from afar by an orc wizard

Illustrated notes

Levels and vault maps discovered:
D:1:      dpeg_arrival_court, layout_basic, serial_shops,
          nicolae_shop_advertising_works [nicolae_subvault_shop_adworks],
          minmay_pentomino_z4
D:2:      minmay_evil_eye, layout_basic, shapermc_ecumenical_altar_pompeii
D:3:      lemuel_castle_with_subvaults [lemuel_castle_interior_original],
          layout_basic, chequers_temple_overflow_statue_of_worship,
          grunt_temple_overflow_diamond, ebering_ghost_sewer_d,
          minmay_joined_circles

Skill      XL: |  1  2  3 |
---------------+----------+-----
Armour         | 4 |  4.4
Fighting       | 4 |  4.3
Axes           | 3 |  3.8
Shields        | 4 |  4.0
Dodging        | |  0.1

Action                     |  1- 3 |  4- 6 || total
---------------------------+-------+-------++-------
  Melee: War axe           |    74 |     7 ||    81
         Headbutt          |    10 |       ||    10
 Armour: Scale mail        |    38 |    11 ||    49
  Dodge: Dodged            |    31 |     5 ||    36
  Block: Buckler           |    14 |     1 ||    15

Table legend: (Time is in decaauts)
 A = Elapsed time spent in this place.
 B = Non-inter-level travel time spent in this place.
 C = Inter-level travel time spent in this place.
 D = Time resting spent in this place.
 E = Time spent auto-exploring this place.
 F = Levels seen in this place.
 G = Mean time per level.
                   A        B        C        D        E       F      G
               +--------+--------+--------+--------+--------+-----+--------+
         Total |   1776 |   1680 |     96 |      0 |   1365 |   3 |  592.0 |
       Dungeon |   1776 |   1680 |     96 |      0 |   1365 |   3 |  592.0 |
               +--------+--------+--------+--------+--------+-----+--------+

Top non-repeatable levels by time:
     D:2: 952 daAuts
     D:1: 769 daAuts
     D:3: 54 daAuts
